 Dungeon Crawl Stone Soup version 0.31-a0-844-gdc52ec4e09 (webtiles) character file.

Game seed: 13756154066978794416

35323 Kurtz the Severer (level 13, 0/89 HPs)
             Began as an Octopode Fighter on Oct 1, 2023.
             Was an Initiate of Gozag.
             Slain by a dire elephant simulacrum (22 damage)
             ... on level 1 of the Lair of Beasts.
             The game lasted 00:24:41 (18323 turns).

Kurtz the Severer (Octopode Fighter)               Turns: 18323, Time: 00:24:42

Health: 0/89       AC:  6    Str: 17    XL:     13   Next: 83%
Magic:  13/13      EV: 28    Int: 10    God:    Gozag
Gold:   2599       SH: 11    Dex: 15    Spells: 12/12 levels left

rFire   + . .        j - +5 broad axe
rCold   . . .        b - +0 buckler
rNeg    . . .        D - +1 hat
rPois   .            F - amulet of Soimiev {Reflect Fly rCorr SH+5 Stlth-}
rElec   .            h - +5 ring of evasion
rCorr   +            o - ring of see invisible
SInv    +            L - +5 ring of evasion
Will    .....        B - +4 ring of protection
Stlth   ++           x - ring of protection from fire
HPRegen 0.34/turn    (no ring)
MPRegen 0.13/turn    (no ring)
                     (no ring)

%: reflection
@: lethally poisoned (0 -> -6), gold aura, flying, studying Long Blades
A: almost no armour, amphibious, 8 rings, camouflage 1, gelatinous body 1,
(nimble swimmer 1), tentacles
a: Renounce Religion, Potion Petition, Call Merchant, Bribe Branch


You were on level 1 of the Lair of Beasts.
You worshipped Gozag.
Gozag was most pleased with you.
You visited 3 branches of the dungeon, and saw 15 of its levels.
You also visited: Bailey.

You collected 3110 gold pieces.
You paid 511 gold pieces to Gozag.

Inventory:

Hand Weapons
 a - a +1 hand axe of flaming
 j - a +5 broad axe (weapon)
 t - a +3 flail of venom
Missiles
 p - 41 poisoned darts (quivered)
 y - 8 boomerangs
 M - a curare-tipped dart
 O - a throwing net
Armour
 b - a +0 buckler (worn)
 D - a +1 hat (worn)
Jewellery
 h - a +5 ring of evasion (left tentacle)
 o - a ring of see invisible (right tentacle)
 s - a ring of fire
 u - a ring of fire
 x - a ring of protection from fire (on tentacle)
 B - a +4 ring of protection (on tentacle)
 F - the amulet of Soimiev (around mantle) {Reflect Fly rCorr SH+5 Stlth-}
   (You acquired it in a bailey)

   [amulet of reflection]

   Reflect:   It reflects blocked missile attacks.
   Fly:       It grants you flight.
   rCorr:     It protects you from acid and corrosion.
   SH+5:      It affects your SH (+5).
   Stlth-:    It makes you less stealthy.
 L - a +5 ring of evasion (on tentacle)
 N - a ring of positive energy
Wands
 e - a wand of light (2)
 q - a wand of iceblast (5)
Scrolls
 c - 3 scrolls of blinking
 i - 6 scrolls of teleportation
 k - 3 scrolls of noise
 l - 4 scrolls of immolation {unknown}
 m - 4 scrolls of revelation {unknown}
 n - 2 scrolls of brand weapon {unknown}
 r - 3 scrolls of poison {unknown}
 v - a scroll of fog {unknown}
 A - 2 scrolls of summoning {unknown}
 C - 4 scrolls of amnesia {unknown}
 E - 2 scrolls of enchant armour {unknown}
 G - 2 scrolls of torment {unknown}
 I - 2 scrolls of identify
Potions
 d - a potion of resistance
 f - a potion of heal wounds
 g - 4 potions of brilliance
 w - 2 potions of enlightenment
 z - 5 potions of curing
 H - 2 potions of mutation {unknown}
 J - 3 potions of invisibility {unknown}
 K - 2 potions of haste


   Skills:
 * Level 8.7 Fighting
 - Level 18.0 Axes
 * Level 10.6 Dodging
 + Level 3.3 Stealth
 - Level 7.7 Shields


You had 12 spell levels left.
You didn't know any spells.
Your spell library contained the following spells:

 Spells                   Type           Power      Damage    Failure   Level
 Necrotise                Necr           0%         1d4       43%         1
 Summon Small Mammal      Summ           0%         N/A       43%         1
 Ensorcelled Hibernation  Hex/Ice        0%         N/A       56%         2
 Passwall                 Tmut/Erth      0%         N/A       56%         2
 Call Canine Familiar     Summ           0%         N/A       80%         3
 Gell's Gravitas          Tloc           0%         N/A       80%         3
 Summon Guardian Golem    Hex/Summ       0%         N/A       80%         3
 Swiftness                Air            0%         N/A       80%         3
 Teleport Other           Tloc           0%         N/A       80%         3
 Vampiric Draining        Necr           0%         2d6       80%         3
 Volatile Blastmotes      Fire/Tloc      0%         2d10      80%         3
 Fulminant Prism          Conj/Hex       0%         3d5       99%         4
 Iskenderun's Mystic Bla  Conj/Tloc      0%         2d3       99%         4
 Agony                    Necr           0%         N/A       100%        5
 Dispersal                Tloc           0%         N/A       100%        6
 Orb of Destruction       Conj           0%         9d5       100%        7
 Spellforged Servitor     Conj/Summ      0%         N/A       100%        7


Dungeon Overview and Level Annotations

Branches:
Dungeon (13/15)            Temple (1/1) D:7            Lair (1/5) D:9
    Orc (0/2) D:11         Bailey (visited)
 Vaults: D:13-14

Altars:
Ashenzari
Cheibriados
Dithmenos
Elyvilon
Fedhas
Gozag
Hepliaklqana
Kikubaaqudgha
Makhleb
Nemelex Xobeh
Okawaru
Qazlal
Ru
Sif Muna
Trog
Uskayaw
Vehumet
Wu Jian
Xom
Yredelemnul
Zin
The Shining One
Jiyva

Annotations:
D:3 3 runed translucent doors, Shayle's ghost, amateur DsRe; Splishie's ghost, amateur GnSh
D:4 1 runed translucent door, Newt's ghost, amateur DsGl
D:9 3 runed translucent doors, DocEon's ghost, novice DEHs
D:12 2 transporters, LeprechaunX's ghost, journeyman OpSh


Innate Abilities, Weirdness & Mutations

You cannot wear most types of armour.
You are amphibious.
You can wear up to eight rings at the same time.
Your skin changes colour to match your surroundings (Stealth+).
Your rubbery body absorbs attacks. (AC +1, EV +1)
((You are camouflaged when in or above water. (Stealth+)))
You have tentacles for arms and can constrict up to eight enemies at once.


Message History

The dire elephant simulacrum trunk-slaps you but does no damage.
You hear a howl!
You see here 15 gold pieces.
You feel much better.
You hear an angry hiss.
You block the water moccasin's attack. The bog body casts a spell at you.
The bolt of cold misses you.
A water moccasin comes into view.
The water moccasin bites you.
You are poisoned.
The water moccasin poisons you!
You hit the water moccasin. Your grab misses the water moccasin.
The water moccasin is lightly wounded.
You slash the dire elephant simulacrum! You closely miss the bog body.
You feel very sick.
A harpy simulacrum comes into view.
You block the bog body's attack.
The dire elephant simulacrum is distracted by your dazzling golden aura.
The water moccasin completely misses you.
A wolf comes into view.
You completely miss the water moccasin. Your grab misses the water moccasin.
You squeeze the water moccasin!
The water moccasin is heavily wounded.
You slash the bog body! You slash the dire elephant simulacrum!
The dire elephant simulacrum is no longer distracted by gold.
You feel sick. The bog body touches you!
* * * LOW HITPOINT WARNING * * *
The bog body freezes you!
* * * LOW HITPOINT WARNING * * *
You block the water moccasin's attack.
Okay, then. [a] - 756 gold - invisibility, might, resistance and enlightenment [b] - 351 gold - heal wounds and magic [c] - 480 gold - haste and resistance Purchase which effect?
You feel much better. Magic courses through your body.
You feel sick.
The dire elephant simulacrum tramples you!!
You die...
Your body crumbles into a pile of gold.

~~~~≈~~~Z~~≈ ~~~~~~~~~~~
#####~~~~~~~~~~
##..#...........
#................
###................
####..........$.......
#.##.........nZ## .
###.............@.# ...
#..............hS##.....
#..................."...
...........###.##.......
...........##..# #.S....
###......#.##..##.......
#................^...#..
#.♣.#...............#...
#...#...................


You could see a bog body, 2 water moccasins, a wolf and a dire elephant
simulacrum.

Vanquished Creatures
  2 hydras
  4 centaur warriors
  A boulder beetle (D:13)
  5 two-headed ogres
  5 skeletal warriors
  2 orc knights
  3 ugly things
  A wolf spider zombie (D:12)
  2 cyclopes
  A manticore (D:12)
  Joseph (D:7)
  9 centaur zombies (D:12)
  A black mamba (Lair:1)
  3 kobold demonologists
  3 rime drakes (Lair:1)
  3 komodo dragons
  A gargoyle (D:12)
  2 efreet (D:13)
  A cane toad (Lair:1)
  3 trolls
  2 meliai zombies (D:12)
  2 shadows
  2 wraiths
  Sigmund (D:5)
  3 wyverns
  20 yaks
  9 vampire mosquitoes
  Menkaure (D:7)
  A harpy simulacrum (Lair:1)
  Edmund (D:5)
  2 acid dragons
  Duvessa (D:7)
  5 water moccasins
  4 black bears
  14 orc warriors
  A sky beast (D:4)
  19 centaurs
  2 ogres
  12 wolves
  Blork the orc (D:6)
  3 kobold brigands
  6 bullfrogs
  A gnoll sergeant (D:9)
  3 scorpions (D:5)
  A cane toad simulacrum (Lair:1)
  Dowan (D:7)
  5 killer bees (D:8)
  A howler monkey (D:7)
  13 electric eels
  7 hounds
  Crazy Yiuf (D:5)
  3 gnoll boudas
  2 jellies
  9 orc priests
  A sleepcap (D:8)
  An iguana (D:4)
  9 orc wizards
  A wolf simulacrum (Lair:1)
  Robin (D:2)
  27 gnolls
  8 adders
  2 white imps
  An ufetubus (D:5)
  3 dart slugs
  31 orcs
  7 ball pythons
  4 bats
  7 endoplasms
  4 giant cockroaches
  31 goblins
  15 hobgoblins
  2 jackals
  20 kobolds
  3 quokkas
  5 frilled lizards
  4 rats
399 creatures vanquished.

Vanquished Creatures (others)
  A centaur (D:10)
  An orc (D:4)
2 creatures vanquished.

Grand Total: 401 creatures vanquished

Notes
Turn   | Place    | Note
-------+----------+-------------------------------------------
     0 | D:1      | Kurtz the Octopode Fighter began the quest for the Orb.
     0 | D:1      | Reached XP level 1. HP: 16/16 MP: 1/1
    77 | D:1      | Reached XP level 2. HP: 21/21 MP: 2/2
   212 | D:1      | Reached skill level 3 in Axes
   410 | D:1      | Reached XP level 3. HP: 25/26 MP: 3/3
   930 | D:2      | Noticed Robin
   933 | D:2      | Reached skill level 4 in Axes
   937 | D:2      | Killed Robin
   938 | D:2      | Reached XP level 4. HP: 9/31 MP: 4/4
  1664 | D:3      | Found a runed translucent gate.
  1666 | D:3      | Found a runed translucent gate.
  1669 | D:3      | Found a runed translucent gate.
  1670 | D:3      | Noticed Splishie's ghost (amateur GnSh)
  1672 | D:3      | Noticed Shayle's ghost (amateur DsRe)
  1754 | D:3      | Found a faded altar of an unknown god.
  1955 | D:4      | Noticed a black bear
  2032 | D:4      | Found a sacrificial altar of Ru.
  2033 | D:4      | Found a sparkling altar of Nemelex Xobeh.
  2034 | D:4      | Found a burning altar of Makhleb.
  2035 | D:4      | Found an ornate altar of the Wu Jian Council.
  2167 | D:4      | Reached skill level 5 in Axes
  2169 | D:4      | Reached XP level 5. HP: 13/36 MP: 5/5
  2346 | D:4      | Noticed an ogre
  2355 | D:4      | Killed an ogre
  2356 | D:4      | Reached skill level 6 in Axes
  2356 | D:4      | Reached XP level 6. HP: 29/42 MP: 6/6
  2406 | D:4      | Found a runed translucent door.
  2406 | D:4      | Noticed Newt's ghost (amateur DsGl)
  2420 | D:4      | Noticed a sky beast
  2682 | D:5      | Entered Level 5 of the Dungeon
  2699 | D:5      | Noticed Sigmund
  2712 | D:5      | Killed Sigmund
  2713 | D:5      | Reached skill level 7 in Axes
  2836 | D:5      | Reached XP level 7. HP: 36/46 MP: 7/7
  2904 | D:5      | Noticed Edmund
  2926 | D:5      | Reached skill level 8 in Axes
  3034 | D:5      | Killed Edmund
  3080 | D:5      | Found a runed translucent door.
  3081 | D:5      | Noticed Crazy Yiuf
  3150 | D:5      | Reached skill level 9 in Axes
  3150 | D:5      | Reached XP level 8. HP: 52/52 MP: 8/8
  5180 | D:6      | Reached skill level 5 in Dodging
  5180 | D:6      | Reached XP level 9. HP: 22/58 MP: 9/9
  5462 | D:6      | Reached skill level 5 in Shields
  5485 | D:6      | Noticed Blork the orc
  5491 | D:6      | Killed Blork the orc
  5724 | D:7      | Noticed Menkaure
  5973 | D:7      | Killed Menkaure
  6124 | D:7      | Found a bloodstained altar of Trog.
  6194 | D:7      | Found a staircase to the Ecumenical Temple.
  6230 | Temple   | Entered the Ecumenical Temple
  6257 | Temple   | Became a worshipper of Gozag Ym Sagoz the Greedy
  6317 | D:7      | Noticed Joseph
  6378 | D:8      | Reached skill level 5 in Fighting
  6630 | D:8      | Found a flagged portal.
  6657 | Bailey   | Entered a bailey
  6742 | Bailey   | Noticed a kobold demonologist
  6826 | Bailey   | Noticed an orange demon
  6826 | Bailey   | Killed a kobold demonologist
  6827 | Bailey   | Reached XP level 10. HP: 61/67 MP: 10/10
  6865 | Bailey   | Noticed an orc knight
  6896 | Bailey   | Killed an orc knight
  7128 | Bailey   | Acquired the amulet of Soimiev {Reflect Fly rCorr SH+5
                  | Stlth-}
  7174 | Bailey   | Found an iron altar of Okawaru.
  7176 | Bailey   | Noticed a kobold demonologist
  7198 | Bailey   | Killed a kobold demonologist
  7561 | Bailey   | Identified the +8 dagger of the Past {venom, Int+3}
  7936 | D:8      | Reached skill level 10 in Axes
  8343 | D:7      | Killed Joseph
  8344 | D:7      | Reached skill level 11 in Axes
  8344 | D:7      | Reached XP level 11. HP: 45/73 MP: 11/11
  8472 | D:7      | Noticed Duvessa
  8474 | D:7      | Noticed Dowan
  8485 | D:7      | Killed Duvessa
  8502 | D:7      | Killed Dowan
  9221 | D:5      | Killed Crazy Yiuf
  9619 | D:9      | You are sucked into a shaft and drop 3 floors!
  9690 | D:11     | Reached skill level 12 in Axes
  9753 | D:11     | Noticed a two-headed ogre
  9755 | D:10     | Entered Level 10 of the Dungeon
 10021 | D:9      | Noticed a two-headed ogre
 10079 | D:9      | Killed a two-headed ogre
 10099 | D:9      | Noticed a two-headed ogre
 10110 | D:9      | Killed a two-headed ogre
 10309 | D:9      | Found a runed translucent gate.
 10309 | D:9      | Found a runed translucent gate.
 10310 | D:9      | Found a runed translucent gate.
 10311 | D:9      | Noticed DocEon's ghost (novice DEHs)
 10392 | D:9      | Found a staircase to the Lair.
 10398 | D:9      | Reached skill level 13 in Axes
 11142 | D:9      | Found a viscous altar of Jiyva.
 11432 | D:10     | Noticed a red ugly thing
 11563 | D:10     | Killed a red ugly thing
 11572 | D:10     | Noticed an orc knight
 11585 | D:10     | Killed an orc knight
 11586 | D:10     | Reached skill level 14 in Axes
 12076 | D:11     | Killed a two-headed ogre
 12174 | D:11     | Reached XP level 12. HP: 80/80 MP: 12/12
 13122 | D:11     | Noticed a two-headed ogre
 13206 | D:11     | Found a staircase to the Orcish Mines.
 13944 | D:12     | Reached skill level 15 in Axes
 14036 | D:12     | Found a transporter.
 14180 | D:12     | Found a basalt altar of Yredelemnul.
 14442 | D:12     | Reached skill level 16 in Axes
 14916 | D:12     | Noticed LeprechaunX's ghost (journeyman OpSh)
 15240 | D:12     | Reached skill level 17 in Axes
 15254 | D:12     | Noticed a centaur warrior
 15263 | D:12     | Killed a centaur warrior
 15623 | D:12     | Reached XP level 13. HP: 67/84 MP: 13/13
 15715 | D:12     | Found a transporter.
 16403 | D:13     | Reached skill level 18 in Axes
 16622 | D:13     | Reached skill level 1 in Stealth
 17529 | Lair:1   | Entered Level 1 of the Lair of Beasts
 17709 | Lair:1   | Reached skill level 10 in Dodging
 18323 | Lair:1   | Slain by a dire elephant simulacrum

Illustrated notes

Levels and vault maps discovered:
D:1:      psy_arrival_basics, layout_loops_ring, minmay_tetromino_s4
D:2:      layout_loops_cross, uniq_robin
D:3:      layout_basic, shapermc_ecumenical_altar_hornbeckon,
          gammafunk_ghost_cemetery
D:4:      corexii_shantytown, layout_rooms, mainiacjoe_overflow_alcove_3,
          hellmonk_ghost_happy_afterlife, grunt_decor_arrowhead
D:5:      layout_basic, uniq_edmund, uniq_crazy_yiuf_cottage, uniq_sigmund
D:6:      layout_rooms, chequers_serial_rivers_small_b, uniq_blork_the_orc
D:7:      layout_basic, marbit_many_paths, minmay_temple_entry_large_hall,
          uniq_joseph, uniq_duvessa, uniq_menkaure
D:8:      layout_loops_ring, enter_bailey_7
D:9:      layout_long_grid, erik_lair_island, gammafunk_ghost_ooze,
          grunt_decor_resistance
D:10:     layout_cave_pools, minmay_bent
D:11:     layout_basic, orc_0_dummy, serial_bayou_pond_a,
          nicolae_concentric_dashed_squares_mild
D:12:     layout_roguey, gammafunk_ghost_mausoleum, nicolae_sextant,
          nicolae_yredelemnul_corpse_copse
D:13:     layout_loops_cross
Temple:   bh_familiar_temple
Lair:1:   dreamdust_isle_of_ice, layout_hall_layers, beast_lair_carwin_8,
          serial_bayou_shore_b, grunt_megastairs_4

Skill      XL: |  1  2  3  4  5  6  7  8  9 10 11 12 13 |
---------------+----------------------------------------+-----
Axes           | 3 4 5 6 7 9 11 14 17 18 | 18.0
Dodging        | 5 7 9 10 | 10.6
Shields        | 4 6 7 |  7.7
Fighting       | 4 5 6 8 |  8.7
Stealth        | 3 |  3.3

Action                     |  1- 3 |  4- 6 |  7- 9 | 10-12 | 13-15 || total
---------------------------+-------+-------+-------+-------+-------++-------
  Melee: War axe           |    55 |    83 |    17 |       |       ||   155
         Constrict         |    15 |    24 |    43 |    76 |    12 ||   170
         Tentacles         |     9 |    18 |    51 |   140 |    82 ||   300
         Punch             |     1 |     1 |     5 |    13 |     4 ||    24
         Flail             |       |       |   196 |    69 |       ||   265
         Broad axe         |       |       |       |   431 |   242 ||   673
         Hand axe          |       |       |       |       |    11 ||    11
  Throw: Dart              |       |       |     5 |    14 |    10 ||    29
         Boomerang         |       |       |       |     5 |       ||     5
 Invoke: Potion Petition   |       |       |       |       |     1 ||     1
  Evoke: Wand              |       |       |     7 |    33 |     3 ||    43
    Use: Potion            |       |     2 |     1 |     1 |     2 ||     6
         Scroll            |       |       |     8 |     8 |       ||    16
   Stab: Sleeping          |     4 |     3 |    10 |       |     1 ||    18
         Distracted        |       |       |       |     1 |     3 ||     4
         Invisible         |       |       |       |     1 |       ||     1
 Armour: Skin              |    18 |    30 |   117 |   179 |    58 ||   402
  Dodge: Dodged            |    34 |    68 |   148 |   299 |   165 ||   714
  Block: Buckler           |    11 |    17 |    54 |   225 |    98 ||   405
         Reflection        |       |       |       |    14 |     6 ||    20

Table legend: (Time is in decaauts)
 A = Elapsed time spent in this place.
 B = Non-inter-level travel time spent in this place.
 C = Inter-level travel time spent in this place.
 D = Time resting spent in this place.
 E = Time spent auto-exploring this place.
 F = Levels seen in this place.
 G = Mean time per level.
                   A        B        C        D        E       F      G
               +--------+--------+--------+--------+--------+-----+--------+
         Total |  18332 |  16773 |   1559 |   4656 |   8616 |  16 | 1145.8 |
       Dungeon |  16666 |  15156 |   1510 |   4197 |   8138 |  13 | 1282.0 |
        Temple |     53 |      5 |     48 |      0 |      0 |   1 |   53.0 |
          Lair |    665 |    665 |      0 |    212 |    281 |   1 |  665.0 |
        Bailey |    947 |    947 |      0 |    247 |    197 |   1 |  947.0 |
               +--------+--------+--------+--------+--------+-----+--------+

Top non-repeatable levels by time:
    D:11: 2195 daAuts
    D:12: 2091 daAuts
     D:9: 1685 daAuts
     D:7: 1600 daAuts
     D:5: 1532 daAuts
     D:4: 1450 daAuts
    D:13: 1172 daAuts
     D:8: 1122 daAuts
     D:3: 967 daAuts
  Bailey: 947 daAuts
    D:10: 874 daAuts
     D:2: 804 daAuts
  Lair:1: 665 daAuts
     D:1: 619 daAuts
     D:6: 551 daAuts
